Map: Orbital Shipyard

Players

SuGuard

  • Race: Protoss Protoss
  • League: Diamond

Trizztein - Winner!

  • Race: Terran Terran
  • League: Platinum

VOD

Have the link to the VOD?

Description

Time

  • Played on: Jan. 4, 2016, 10:24 a.m.
  • Length: 16:05
Show
View Real Time Build Order
Export as new Build Order

SuGuard Protoss 

Build Orders: Nexus First, Blink Stalkers 

Get SALT Encoding   

  12  0:01  Probe (Chrono Boost)  
  13  0:11  Probe (Chrono Boost)  
  14  0:18  Pylon  
  14  0:22  Probe (Chrono Boost)  
  15  0:36  Probe (Chrono Boost)  
  16  0:46  Probe (Chrono Boost)  
  18  0:57  Probe (Chrono Boost)  
  18  1:05  Nexus  
  18  1:08  Probe (Chrono Boost)  
  19  1:15  Gateway  
  20  1:18  Probe (Chrono Boost)  
  20  1:23  Assimilator  
  20  1:29  Probe (Chrono Boost)  
  20  1:31  Assimilator  
  21  1:37  Pylon  
  22  1:40  Probe (Chrono Boost)  
  22  1:48  Pylon  
  22  1:50  Probe (Chrono Boost)  
  23  2:01  Probe (Chrono Boost)  
  24  2:03  Cybernetics Core  
  24  2:08  Zealot (Chrono Boost)  
  24  2:12  Probe (Chrono Boost)  
  27  2:19  Probe  
  28  2:23  Probe  
  28  2:29  Probe  
  29  2:40  Probe  
  29  2:41  Mothership Core  
  29  2:42  Stalker (Chrono Boost)  
  34  2:46  Warp Gate (Chrono Boost)  
  34  2:50  Probe  
  35  3:01  Probe  
  35  3:02  Probe  
  37  3:11  Probe  
  36  3:14  Probe  
  36  3:18  Twilight Council  
  36  3:19  Gateway  
  38  3:22  Probe  
  38  3:24  Gateway  
  38  3:26  Probe  
  40  3:29  Pylon  
  40  3:32  Probe  
  40  3:38  Pylon  
  40  3:39  Probe  
  42  3:43  Probe  
  43  3:51  Probe  
  43  3:54  Probe  
  45  3:56  Blink (Chrono Boost)  
  45  4:03  Probe  
  45  4:07  Nexus  
  46  4:14  Pylon  
  46  4:15  Probe, Pylon  
  46  4:17  Probe  
  46  4:20  Pylon  
  46  4:22  Assimilator  
  48  4:26  Probe  
  48  4:27  Assimilator  
  48  4:29  Probe  
  50  4:37  Pylon  
  50  4:38  Stalker x2  
  52  4:39  Sentry  
  56  4:47  Gateway  
  56  4:50  Gateway  
  56  4:56  Probe  
  56  4:57  Probe  
  58  5:00  Robotics Facility  
  58  5:03  Forge  
  58  5:06  Probe  
  58  5:09  Probe  
  60  5:16  Gateway  
  60  5:17  Probe x2  
  62  5:21  Probe  
  62  5:27  Probe  
  62  5:28  Probe  
  63  5:33  Probe  
  66  5:36  Protoss Ground Weapons Level 1  
  66  5:37  Photon Cannon  
  66  5:38  Probe x2  
  66  5:41  Photon Cannon  
  68  5:45  Probe  
  68  5:48  Probe, Observer, Pylon  
  68  5:49  Probe  
  70  5:54  Robotics Bay  
  72  5:58  Probe, Robotics Facility  
  72  6:03  Probe, Assimilator  
  72  6:04  Probe, Assimilator  
  73  6:10  Observer, Photon Cannon  
  76  6:12  Probe  
  76  6:13  Probe  
  78  6:22  Sentry x2, Gateway  
  78  6:23  Gateway  
  78  6:24  Stalker  
  84  6:29  Stalker  
  84  6:30  Stalker  
  88  6:32  Probe  
  88  6:34  Probe x2  
  88  6:37  Photon Cannon  
  91  6:42  Pylon  
  91  6:46  Pylon  
  91  6:48  Colossus  
  97  6:57  Colossus  
  97  7:00  Extended Thermal Lance  
  103  7:04  Forge  
  103  7:07  Probe, Forge  
  103  7:09  Probe  
  103  7:14  Pylon x2  
  105  7:22  Gateway  
  105  7:23  Gateway  
  105  7:32  Pylon  
  105  7:34  Pylon  
  105  7:42  Observer  
  106  7:48  Stalker  
  106  7:49  Stalker x2  
  106  7:50  Stalker  
  114  7:52  Observer  
  115  8:01  Protoss Ground Armor Level 1, Robotics Facility  
  115  8:02  Protoss Shields Level 1  
  115  8:05  Protoss Ground Weapons Level 2, Robotics Facility  
  115  8:10  Pylon  
  115  8:31  Colossus x2 (Chrono Boost)  
  127  8:35  Charge (Chrono Boost)  
  127  8:45  Pylon  
  120  8:51  Photon Cannon  
  120  8:54  Photon Cannon  
  120  8:57  Photon Cannon  
  120  8:58  Pylon  
  120  9:07  Probe  
  120  9:08  Probe x2  
  123  9:11  Pylon  
  123  9:14  Pylon, Assimilator  
  123  9:17  Probe  
  123  9:20  Colossus x2 (Chrono Boost), Probe  
  123  9:23  Stalker x2  
  123  9:24  Stalker x2  
  143  9:31  Zealot x3  
  147  9:36  Probe  
  147  9:37  Probe  
  153  9:47  Pylon  
  153  9:49  Photon Cannon  
  153  9:54  Nexus  
  153  9:56  Stalker x2  
  157  10:04  Observer Gravitic Boosters  
  157  10:10  Stalker x3  
  162  10:27  Photon Cannon  
  162  10:28  Photon Cannon  
  162  10:29  Photon Cannon  
  162  10:31  Photon Cannon  
  162  10:32  Photon Cannon  
  162  10:34  Observer x2 (Chrono Boost)  
  166  10:39  Observer x2 (Chrono Boost)  
  166  10:50  Pylon  
  166  10:54  Stalker x4  
  166  10:55  Stalker x2  
  178  10:58  Stalker  
  180  11:07  Stalker x2  
  180  11:10  Stalker  
  186  11:21  Probe  
  186  11:22  Photon Cannon  
  186  11:23  Probe x3  
  186  11:24  Photon Cannon  
  189  11:32  Probe  
  189  11:34  Stalker x2  
  189  11:35  Probe  
  195  11:42  Photon Cannon  
  195  11:43  Photon Cannon  
  165  12:18  Stalker x3  
  131  12:34  Stalker x2  
  131  12:35  Stalker x3  
  131  12:36  Stalker x2  
  125  12:57  Pylon  
  125  13:00  Pylon  
  119  13:11  Colossus (Chrono Boost)  
  115  13:18  Colossus (Chrono Boost)  
  107  13:21  Stalker x4  
  107  13:22  Stalker  
  111  13:32  Stalker x4  
  113  13:47  Robotics Facility  
  113  13:50  Robotics Facility  
  113  13:54  Pylon  
  113  13:55  Pylon  
  113  13:57  Colossus (Chrono Boost), Pylon  
  113  14:02  Pylon  
  119  14:03  Assimilator  
  119  14:05  Assimilator  
  125  14:11  Colossus (Chrono Boost)  
  125  14:18  Stalker, Nexus  
  125  14:19  Stalker x3  
  125  14:20  Stalker  
  125  14:44  Colossus (Chrono Boost)  
  115  14:49  Stalker  
  115  14:50  Stalker x6  
  123  15:00  Colossus (Chrono Boost)  
  123  15:05  Colossus (Chrono Boost)  
  119  15:13  Stalker x3  
  122  15:19  Colossus (Chrono Boost)  
Show
View Real Time Build Order
Export as new Build Order

Trizztein Terran - Winner!

Build Orders: Reaper Expand, MMM Bio 

Get SALT Encoding   

  12  0:01  SCV  
  13  0:13  SCV  
  14  0:18  Supply Depot  
  14  0:25  SCV  
  15  0:39  SCV  
  15  0:40  Barracks  
  16  0:44  Refinery  
  16  0:51  SCV  
  17  1:03  SCV  
  18  1:16  SCV  
  19  1:28  Reaper  
  19  1:29  Orbital Command  
  20  1:43  Command Center  
  20  1:50  Supply Depot  
  20  1:55  SCV  
  22  2:06  Barracks Reactor  
  22  2:07  SCV  
  22  2:19  SCV  
  23  2:31  SCV  
  24  2:39  Command Center  
  24  2:43  SCV  
  25  2:44  Marine x2  
  25  2:45  Factory  
  27  2:56  SCV, Refinery  
  28  3:04  Orbital Command  
  28  3:14  SCV  
  28  3:19  Marine x2  
  30  3:26  SCV  
  31  3:31  SCV  
  32  3:35  Factory Tech Lab  
  32  3:37  Barracks  
  32  3:38  SCV  
  33  3:43  SCV  
  33  3:45  Marine x2  
  36  3:50  SCV  
  36  3:51  Orbital Command  
  37  3:55  SCV  
  37  3:56  Cyclone  
  41  4:03  SCV, Marine  
  41  4:07  SCV  
  44  4:11  Marine  
  45  4:17  SCV x2  
  45  4:22  Refinery  
  45  4:23  Refinery  
  47  4:24  Engineering Bay  
  47  4:25  SCV  
  47  4:26  Barracks  
  47  4:29  SCV, Barracks Tech Lab  
  47  4:30  Cyclone  
  52  4:32  SCV  
  52  4:35  Supply Depot  
  52  4:37  SCV  
  54  4:41  Marine  
  54  4:42  Marine  
  54  4:43  SCV  
  54  4:44  SCV  
  58  4:46  Supply Depot  
  58  4:49  SCV  
  59  4:54  Stimpack  
  59  4:55  SCV, Marine  
  59  4:56  SCV  
  62  5:02  SCV  
  63  5:07  SCV, Starport  
  63  5:08  SCV  
  63  5:12  Supply Depot  
  63  5:14  SCV, Factory Reactor  
  66  5:17  Missile Turret  
  66  5:19  Orbital Command  
  66  5:24  SCV, Missile Turret  
  66  5:26  SCV  
  66  5:27  Missile Turret  
  69  5:34  Marine  
  69  5:36  Terran Infantry Weapons Level 1  
  69  5:37  SCV  
  70  5:43  SCV  
  70  5:44  SCV  
  70  5:48  Marauder  
  70  5:49  SCV  
  75  5:52  Supply Depot, Marine  
  75  5:53  Supply Depot, Missile Turret  
  75  5:54  Supply Depot, Marine  
  75  5:56  SCV  
  78  5:59  Medivac x2  
  78  6:01  Factory Reactor  
  82  6:06  SCV  
  82  6:09  Marauder  
  82  6:10  Refinery  
  85  6:13  Refinery  
  85  6:14  SCV x2, Marauder  
  89  6:19  SCV  
  89  6:20  Marine  
  89  6:21  Supply Depot  
  89  6:22  Supply Depot  
  89  6:23  Marine  
  89  6:24  Combat Shields  
  92  6:26  SCV x2  
  92  6:30  Marauder, Medivac x2  
  100  6:36  Marauder  
  100  6:37  SCV, Missile Turret  
  100  6:38  SCV, Marine  
  105  6:40  SCV  
  105  6:45  Supply Depot, Marine  
  107  6:47  Supply Depot  
  107  6:49  SCV  
  107  6:52  Marauder  
  107  6:53  Factory Reactor  
  111  6:54  SCV x2, Concussive Shells  
  111  6:55  Starport  
  111  6:56  Marine  
  111  6:57  Marauder  
  111  7:01  SCV, Missile Turret  
  115  7:05  Supply Depot  
  115  7:06  SCV x2  
  118  7:08  Supply Depot  
  118  7:10  Supply Depot  
  118  7:13  Marine x2, Marauder, Liberator x2  
  122  7:18  Marauder  
  122  7:19  Liberator x2  
  123  7:31  Widow Mine x2, Marine x2  
  123  7:34  Marauder  
  143  7:40  Marauder  
  143  7:44  Terran Infantry Armor Level 1  
  145  7:45  Barracks x2  
  145  7:50  Armory  
  145  7:51  Engineering Bay  
  145  7:55  Marine x3  
  145  7:56  Liberator x2  
  148  8:00  Widow Mine  
  150  8:06  Marauder  
  152  8:14  Marine x2, Marauder  
  162  8:27  Marine  
  162  8:32  Marine x2  
  165  8:37  Terran Infantry Weapons Level 2  
  165  8:42  SCV  
  165  8:47  Marine  
  165  8:52  Barracks Tech Lab  
  165  8:53  Barracks Reactor  
  165  9:00  Command Center, Marine  
  165  9:01  Command Center, SCV  
  165  9:02  Marine x2  
  165  9:03  Viking  
  165  9:04  Viking x3  
  165  9:16  Liberator  
  165  9:20  Marine x3  
  165  9:21  Marauder x2  
  165  9:22  Supply Depot x2  
  165  9:23  Supply Depot  
  172  9:26  Supply Depot  
  172  9:28  Terran Ship Weapons Level 1  
  172  9:29  Marine  
  172  9:30  Marine  
  174  9:33  Viking x2  
  181  9:43  Viking, Marine  
  181  9:44  Missile Turret, Marauder  
  181  9:45  Terran Infantry Armor Level 2  
  186  9:46  Missile Turret  
  186  9:55  Marauder, Marine x4  
  186  9:57  Missile Turret  
  186  9:59  Ghost Academy  
  192  10:01  Marine  
  192  10:03  Viking x2  
  197  10:10  Marine  
  197  10:13  Marine x2  
  199  10:24  Marine x3  
  197  10:32  Planetary Fortress  
  197  10:38  Ghost  
  199  11:26  Personal Cloaking  
  199  11:31  Barracks x2  
  199  11:32  Barracks  
  199  11:41  Planetary Fortress  
  199  11:43  Refinery  
  199  11:46  Refinery  
  192  12:05  Viking x4  
  192  12:06  Marauder, Marine x3  
  165  12:33  Marine x7  
  165  12:35  Viking  
  145  12:50  Marine  
  145  12:51  Marine x6  
  135  13:08  Marine x2  
  135  13:09  Marine x5  
  137  13:13  Barracks Reactor  
  137  13:14  Barracks Tech Lab x2  
  135  13:26  Marine x5  
  135  13:27  Viking x4, Marine x2  
  138  13:29  Widow Mine x2  
  151  13:40  Marine x2  
  150  13:44  Marine x6  
  150  13:45  Marauder  
  158  13:52  Command Center, SCV x2  
  158  13:53  Command Center  
  160  13:57  Viking x2, Ghost  
  160  13:58  Marauder, Marine x2, Widow Mine  
  160  14:02  Ghost, Marine x3  
  177  14:09  Viking x2  
  178  14:27  Viking x2  
  178  14:28  Marine x10  
  178  14:31  Marine  
  166  14:45  Marine x3  
  166  14:46  Marine x6  
  166  14:47  Marauder  
  166  14:49  Marauder  
  173  15:03  Marine x4  
  173  15:04  Marauder, Ghost x2, Marine x2  
  183  15:07  Marine  
  183  15:10  Marine  
  176  15:25  Ghost x2, Marine x2  
  176  15:26  Marine x4  
  176  15:28  Marine  
Tags
 
Add a new tag
Caveats
  • Supply blocks, unpowered buildings, or Contaminate may cause inaccurate times.
  • Supply counts are checked every 10 seconds.